 Dungeon Crawl Stone Soup version 0.31-a0-851-g7ff8af7976 (webtiles) character file.

Game seed: 17090900005122288138

11 Kurtz the Sneak (level 2, 0/24 HPs)
             Began as a Mummy Delver on Oct 6, 2023.
             Was an Initiate of Makhleb.
             Slain by a hound (2 damage)
             ... on level 3 of the Dungeon.
             The game lasted 00:00:38 (217 turns).

Kurtz the Sneak (Mummy Delver)                       Turns: 217, Time: 00:00:38

Health: 0/24       AC:  3    Str: 15    XL:     2   Next: 13%
Magic:  2/2        EV: 11    Int:  9    God:    Makhleb [......]
Gold:   0          SH:  0    Dex: 13    Spells: 1/1 levels left

rFire   x . .        a - +0 hand axe
rCold   + . .        (no shield)
rNeg    + + +        b - +0 leather armour
rPois   ∞            (no helmet)
rElec   .            (no cloak)
rCorr   .            (no gloves)
SInv    .            (no boots)
Will    .....        (no amulet)
Stlth   ++           (no ring)
HPRegen 0.24/turn    (no ring)
MPRegen 0.08/turn

%: faith
@: no status effects
A: cold resistance 1, negative energy resistance 3, torment resistance 2, heat
vulnerability 1, in touch with death 1, no potions, faith
a: Renounce Religion


You were on level 3 of the Dungeon.
You worshipped Makhleb.
Makhleb was noncommittal.
You visited 2 branches of the dungeon, and saw 4 of its levels.

Inventory:

Hand Weapons
 a - a +0 hand axe (weapon)
Armour
 b - a +0 leather armour (worn)
Wands
 f - a wand of digging (3)
 g - a wand of flame (8) (quivered)
Scrolls
 c - a scroll of fog
 d - a scroll of revelation
 e - a scroll of fear


   Skills:
 - Level 3.0 Fighting
 * Level 2.3 Axes
 - Level 1.5 Dodging
 - Level 4.1 Stealth


You had one spell level left.
You didn't know any spells.
Your spell library was empty.

Dungeon Overview and Level Annotations

Branches:
Dungeon (5/15)             Temple (1/1) D:4

Altars:
Dithmenos
Fedhas
Hepliaklqana
Kikubaaqudgha
Makhleb
Nemelex Xobeh
Qazlal
Sif Muna
Wu Jian
Yredelemnul


Innate Abilities, Weirdness & Mutations

You are immune to poison.
Your flesh is cold resistant. (rC+)
You are immune to negative energy. (rN+++)
You are immune to unholy pain and torment.
You are vulnerable to heat. (rF-)
You are in touch with the powers of death.
You do not drink.
You have a special connection with the divine. (Faith)


Message History

The iguana hisses angrily.
You hit the hound but do no damage. You punch the hound.
The hound is moderately wounded.
The hound bites you. The hound closely misses you.
You hit the hound but do no damage.
The hound is moderately wounded.
The hound barely misses you. The hound bites you. x2
The hound attacks as it pursues you! The hound bites you but does no damage.
The hound bites you. The hound closely misses you.
The hound completely misses you.
There is an escape hatch in the ceiling here.
The hound bites you. A mysterious force pulls you upwards.
The hatch slams shut behind you.
You miss the hound.
The hound is lightly wounded.
The hound bites you but does no damage. The hound closely misses you.
You hit the hound but do no damage. The hound bites you.
The hound barely misses you.
You hit the hound.
The hound is moderately wounded.
The hound bites you but does no damage. The hound bites you.
You are too injured to fight recklessly!
You are too injured to fight recklessly!
You closely miss the hound.
The hound is moderately wounded.
The hound bites you. The hound barely misses you.
You barely miss the hound.
The hound is moderately wounded.
The hound bites you.
* * * LOW HITPOINT WARNING * * *
Aiming: Throw Flame
Press: ? - help, Q - select action Shift-Dir - straight line, f - hound
Aim: a hound (moderately wounded, 56% to hit)
The puff of flame hits the hound!
The hound is almost dead.
The hound bites you.
* * * LOW HITPOINT WARNING * * *
The hound bites you.
You die...

### #..
#.# #.#
#@#
#...h....#
#####.####
#.# #.#
#.. ###


You could see a hound.

Vanquished Creatures
  An adder (D:4)
  A hobgoblin (D:4)
2 creatures vanquished.

Notes
Turn   | Place    | Note
-------+----------+-------------------------------------------
     0 | D:5      | Kurtz the Mummy Delver began the quest for the Orb.
     0 | D:5      | Reached XP level 1. HP: 18/18 MP: 1/1
    40 | D:4      | Reached XP level 2. HP: 14/24 MP: 2/2
   103 | D:4      | Found a staircase to the Ecumenical Temple.
   112 | Temple   | Entered the Ecumenical Temple
   134 | Temple   | Became a worshipper of Makhleb the Destroyer
   217 | D:3      | Slain by a hound

Illustrated notes

Levels and vault maps discovered:
D:3:      layout_loops_corners, general_overflow_altar, minmay_statues_item
D:4:      layout_basic, minmay_temple_entry_slanted
D:5:      layout_basic, mainiacjoe_overflow_big_doors
Temple:   nicolae_temple_figure_eight

Skill      XL: |  1 |
---------------+----+-----
Axes           | 2 |  2.3
Fighting       | |  3.0
Dodging        | |  1.5
Stealth        | |  4.1

Action                     || total
---------------------------++-------
  Melee: Hand axe          ||    22
         Punch             ||     1
  Evoke: Wand              ||     1
 Armour: Leather armour    ||    22
  Dodge: Dodged            ||    21

Table legend: (Time is in decaauts)
 A = Elapsed time spent in this place.
 B = Non-inter-level travel time spent in this place.
 C = Inter-level travel time spent in this place.
 D = Time resting spent in this place.
 E = Time spent auto-exploring this place.
 F = Levels seen in this place.
 G = Mean time per level.
                   A        B        C        D        E       F      G
               +--------+--------+--------+--------+--------+-----+--------+
         Total |    221 |    175 |     46 |     43 |     34 |   4 |   55.2 |
       Dungeon |    178 |    173 |      5 |     43 |     34 |   3 |   59.3 |
        Temple |     42 |      1 |     41 |      0 |      0 |   1 |   42.0 |
               +--------+--------+--------+--------+--------+-----+--------+

Top non-repeatable levels by time:
     D:4: 150 daAuts
  Temple: 42 daAuts
     D:5: 22 daAuts
     D:3: 6 daAuts
